 Dungeon Crawl Stone Soup version 0.22-a0-40-g3d2f077def (webtiles) character file.

179 NixNut the Bolt Thrower (level 5, -3/33 HPs)
             Began as a Kobold Hunter on Jan 5, 2018.
             Was an Initiate of Trog.
             Slain by Democracy123's ghost (7 damage)
             ... on level 3 of the Dungeon.
             The game lasted 00:09:41 (2454 turns).

NixNut the Bolt Thrower (Kobold Hunter)             Turns: 2454, Time: 00:09:42

Health: -3/33      AC:  8    Str: 10    XL:     5   Next: 90%
Magic:  5/5        EV: 15    Int: 12    God:    Trog [......]
Gold:   107        SH:  0    Dex: 16    Spells: 4/4 levels left

rFire    . . .     SeeInvis .   b - +0 short sword
rCold    . . .     Gourm    .   (shield restricted)
rNeg     . . .     Faith    .   c - +1 leather armour
rPois    .         Spirit   .   (no helmet)
rElec    .         Reflect  .   o - +2 cloak
rCorr    .         Harm     .   (no gloves)
MR       .....                  q - +0 pair of boots
Stlth    +++.......             (no amulet)
HPRegen  0.11/turn              (no ring)
MPRegen  0.09/turn              (no ring)

@: no status effects
A: small, carnivore
a: Burn Spellbooks, Renounce Religion


You were on level 3 of the Dungeon.
You worshipped Trog.
Trog was noncommittal.
You were completely stuffed.

You visited 1 branch of the dungeon, and saw 3 of its levels.

You collected 107 gold pieces.

Inventory:

Hand Weapons
 a - a +1 hand crossbow
 b - a +0 short sword (weapon)
Missiles
 r - 6 bolts
Armour
 c - a +1 leather armour (worn)
 o - a +2 cloak (worn)
 q - a +0 pair of boots (worn)
Scrolls
 e - a scroll of random uselessness {unknown}
 g - a scroll of enchant weapon {unknown}
 h - a scroll of enchant armour
 i - 2 scrolls of fog {unknown}
 k - 3 scrolls of amnesia {unknown}
 p - 2 scrolls of remove curse {unknown}
Potions
 d - a potion of haste
 j - a potion of curing
 l - a potion of berserk rage {unknown}
 m - a potion of mutation {unknown}
 n - a potion of heal wounds {unknown}
Comestibles
 f - 4 rations
 s - 6 chunks of flesh


   Skills:
 + Level 3.9 Fighting
 + Level 6.0 Crossbows
 - Level 2.4 Dodging
 + Level 4.5 Stealth


You had 4 spell levels left.
You didn't know any spells.

Dungeon Overview and Level Annotations

Branches:
Dungeon (3/15)

Altars:
Trog
The Shining One

Annotations:
D:3 Democracy123's ghost, amateur DsFi


Innate Abilities, Weirdness & Mutations

You are small and have problems with some larger weapons.
You are carnivorous and can eat meat at any time.


Message History

You kill the shadow imp!
Trog accepts your kill. The kobold barely misses you.
You closely miss the kobold. The kobold closely misses you.
Democracy123's ghost shouts, "I was like you once."
You hit the kobold but do no damage. The kobold hits you but does no damage.
You closely miss the kobold. The kobold closely misses you.
Democracy123's ghost hits you.
You hit the kobold.
You kill the kobold!
Trog accepts your kill. Democracy123's ghost barely misses you.
You hit Democracy123's ghost.
Democracy123's ghost is lightly damaged.
Democracy123's ghost hits you.
* * * LOW HITPOINT WARNING * * *
You hit Democracy123's ghost but do no damage.
Democracy123's ghost is lightly damaged.
Democracy123's ghost hits you!
You die...

.. ##.## #.
##...## #
#.##.....##.#
#.#.......#.#
#...)._.....
#.#.....W.#
#.###.##...)@#
#......##..)##
#(..##.##
#.##.#.#
#.##...#
#########.##.###
..........##.#
############.#
#.#


You could see Democracy123's ghost.

Vanquished Creatures
  Terence (D:2)
  Robin (D:2)
  4 gnolls (D:2)
  3 adders
  A shadow imp (D:3)
  An ooze (D:1)
  2 leopard geckos (D:2)
  3 giant cockroaches
  11 goblins
  8 hobgoblins
  7 jackals
  A ball python (D:2)
  10 bats
  5 frilled lizards
  6 kobolds
  4 rats
68 creatures vanquished.

Notes
Turn   | Place    | Note
-------+----------+-------------------------------------------
     0 | D:1      | NixNut the Kobold Hunter began the quest for the Orb.
     0 | D:1      | Reached XP level 1. HP: 12/12 MP: 1/1
    98 | D:1      | Reached skill level 5 in Crossbows
    98 | D:1      | Reached XP level 2. HP: 18/18 MP: 2/2
   508 | D:1      | Reached XP level 3. HP: 22/22 MP: 3/3
   937 | D:2      | Reached XP level 4. HP: 16/28 MP: 4/4
  1390 | D:2      | Noticed Terence
  1396 | D:2      | Killed Terence
  1396 | D:2      | Reached XP level 5. HP: 32/32 MP: 5/5
  1674 | D:2      | Found a bloodstained altar of Trog.
  1678 | D:2      | Became a worshipper of Trog the Wrathful
  1711 | D:2      | Noticed Robin
  1777 | D:2      | Killed Robin
  2326 | D:3      | Reached skill level 6 in Crossbows
  2427 | D:3      | Found a glowing golden altar of the Shining One.
  2446 | D:3      | Noticed Democracy123's ghost (amateur DsFi)
  2454 | D:3      | Slain by Democracy123's ghost

Vault maps used:
D:1:      dpeg_arrival_solitude, minmay_misc_feat_iff
D:2:      bloody_trog, uniq_robin, uniq_terence
D:3:      lemuel_round_altar, grunt_qazlal_clouds, uniq_jessica

Skill      XL: |  1  2  3  4  5 |
---------------+----------------+-----
Crossbows      | 5 6 |  6.0
Stealth        | 2 3 4 |  4.5
Fighting       | 3 |  3.9
Dodging        | |  2.4

Action                   |  1- 3 |  4- 6 || total
-------------------------+-------+-------++-------
Melee: Short sword       |       |    91 ||    91
 Fire: Hand crossbow     |    50 |    60 ||   110
  Use: Scroll            |       |     1 ||     1
 Stab: Distracted        |       |     1 ||     1
  Eat: Chunk             |     8 |     5 ||    13
Armor: Leather armour    |     7 |    49 ||    56
Dodge: Dodged            |    21 |   109 ||   130

Table legend:
 A = Spawn XP
 B = Non-spawn XP
 C = Spawn XP percentage of total XP
 D = Spawn monster count
 E = Non-spawn monster count
 F = Spawn count percentage of total count
 G = Total turns spent on level
                    A         B        C        D         E        F      G
               +---------+---------+-------+---------+---------+-------+---------
         Total |       0 |     257 |   0.0 |       0 |      68 |   0.0 |  2454
               +---------+---------+-------+---------+---------+-------+---------
           D:1 |       0 |      33 |   0.0 |       0 |      18 |   0.0 |   909
           D:2 |       0 |     183 |   0.0 |       0 |      39 |   0.0 |  1382
           D:3 |       0 |      41 |   0.0 |       0 |      11 |   0.0 |   163
               +---------+---------+-------+---------+---------+-------+---------
